 Dungeon Crawl Stone Soup version 0.22-a0-782-g038298e (webtiles) character file.

65 iamserjio the Firebug (level 4, 0/24 HPs)
             Began as a Tengu Fire Elementalist on July 20, 2018.
             Slain by a kobold
             ... wielding a +0 whip
              (2 damage)
             ... on level 2 of the Dungeon.
             The game lasted 00:04:19 (547 turns).

iamserjio the Firebug (Tengu Fire Elementalist)      Turns: 547, Time: 00:04:20

Health: 0/24       AC:  2    Str:  8    XL:     4   Next: 13%
Magic:  3/8        EV: 13    Int: 16    God:
Gold:   74         SH:  0    Dex: 15    Spells: 4/8 levels left

rFire    . . .     SeeInvis .   g - +0 spear
rCold    . . .     Gourm    .   (no shield)
rNeg     . . .     Faith    .   a - +0 robe
rPois    .         Spirit   .   (helmet restricted)
rElec    .         Reflect  .   (no cloak)
rCorr    .         Harm     .   (no gloves)
MR       .....                  (boots unavailable)
Stlth    ++........             (no amulet)
HPRegen  0.08/turn              (no ring)
MPRegen  0.11/turn              (no ring)

@: no status effects
A: beak, talons 3
a: no special abilities


You were on level 2 of the Dungeon.
You were not hungry.

You visited 1 branch of the dungeon, and saw 2 of its levels.

You collected 74 gold pieces.

Inventory:

Hand Weapons
 d - a +0 club
 g - a +0 spear (weapon)
Missiles
 e - 20 arrows
Armour
 a - a +0 robe (worn)
Scrolls
 b - a scroll of enchant armour {unknown}
 i - a scroll of amnesia {unknown}
 j - a scroll of identify {unknown}
 k - a scroll of teleportation {unknown}
Potions
 f - a potion of curing {unknown}
 h - a potion of ambrosia {unknown}
Comestibles
 c - 2 rations
 l - 2 chunks of flesh


   Skills:
 - Level 2.1 Dodging
 - Level 2.0 Stealth
 + Level 2.6 Spellcasting
 * Level 3.7 Conjurations
 + Level 3.9 Fire Magic


You had 4 spell levels left.
You knew the following spells:

 Your Spells              Type           Power        Failure   Level  Hunger
a - Flame Tongue          Conj/Fire      ##...        4%          1    #......
b - Conjure Flame         Conj/Fire      ##......     12%         3    ###....

Your spell library contained the following spells:

 Spells                   Type           Power        Failure   Level  Hunger
 Fireball                 Conj/Fire      ##........   75%         5    ######.
 Throw Flame              Conj/Fire      ##....       6%          2    ##.....
 Sticky Flame             Conj/Fire      ##......     38%         4    #####..
 Inner Flame              Hex/Fire       #.......     26%         3    ###....


Dungeon Overview and Level Annotations

Branches:
Dungeon (2/15)

Altars:


Innate Abilities, Weirdness & Mutations

You have a beak for a mouth.
You have claws for feet.


Message History

Aim: a kobold, wielding a whip The flame tongue misses the kobold.
The kobold barely misses you.
Casting: Flame Tongue (safe; 4% risk of failure)
Confirm with . or Enter, or press ? or * to list all spells.
Aiming: Flame Tongue (safe; 4% risk of failure)
Press: ? - help, Shift-Dir - straight line, f/p - kobold
Aim: a kobold, wielding a whip The flame tongue misses the kobold.
The flame tongue hits the adder.
You kill the adder!
You have reached level 4!
You feel agile. The kobold hits you with a whip.
* * * LOW HITPOINT WARNING * * *
Casting: Flame Tongue (safe; 4% risk of failure)
Confirm with . or Enter, or press ? or * to list all spells.
Aiming: Flame Tongue (safe; 4% risk of failure)
Press: ? - help, Shift-Dir - straight line, f/p - kobold
Aim: a kobold, wielding a whip The flame tongue misses the kobold.
The kobold hits you with a whip.
You die...

#..$.>.......
#...........#
###.......# #.#
..........# #.#
########.S# #.#
#..# #.# #..# #.#
#..###.###
#..†K@...#
##.####.#.#
#..####.#.#.#
#...........#
#...###.#.###
##...##.#.# #
######.....#.#.# #
#.........<..#.# #
.....####.....###.#


You could see a kobold.

Vanquished Creatures
  3 adders (D:2)
  2 oozes (D:1)
  2 dart slugs (D:1)
  3 leopard geckos
  5 bats
  A goblin (D:1)
  4 hobgoblins (D:1)
  2 frilled lizards (D:1)
  2 rats (D:1)
24 creatures vanquished.

Notes
Turn   | Place    | Note
-------+----------+-------------------------------------------
     0 | D:1      | iamserjio the Tengu Fire Elementalist began the quest for the Orb.
     0 | D:1      | Reached XP level 1. HP: 10/10 MP: 4/4
    70 | D:1      | Reached XP level 2. HP: 15/15 MP: 0/6
   248 | D:1      | Reached XP level 3. HP: 9/19 MP: 0/7
   325 | D:2      | Learned a level 3 spell: Conjure Flame
   546 | D:2      | Reached XP level 4. HP: 5/24 MP: 4/8
   547 | D:2      | Slain by a kobold

Vault maps used:
D:1:      evilmike_arrival_grusome_pit, serial_glass, glass_columns_a,
          glass_columns_a
D:2:      chequers_temple_overflow_minitemple, first_ration

Skill      XL: |  1  2  3 |
---------------+----------+-----
Conjurations   | 2 3 |  3.7
Dodging        | |  2.1
Stealth        | |  2.0
Spellcasting   | |  2.6
Fire Magic     | |  3.9

Action                   |  1- 3 |  4- 6 || total
-------------------------+-------+-------++-------
Melee: Unarmed           |     3 |       ||     3
       Kick              |     6 |       ||     6
       Club              |    25 |       ||    25
       Peck              |     4 |       ||     4
       Spear             |     5 |       ||     5
 Cast: Flame Tongue      |    26 |     2 ||    28
 Stab: Sleeping          |     2 |       ||     2
Armor: Robe              |     7 |       ||     7
Dodge: Dodged            |    27 |       ||    27

Table legend:
 A = Spawn XP
 B = Non-spawn XP
 C = Spawn XP percentage of total XP
 D = Spawn monster count
 E = Non-spawn monster count
 F = Spawn count percentage of total count
 G = Total turns spent on level
                    A         B        C        D         E        F      G
               +---------+---------+-------+---------+---------+-------+---------
         Total |       0 |      93 |   0.0 |       0 |      24 |   0.0 |   547
               +---------+---------+-------+---------+---------+-------+---------
           D:1 |       0 |      49 |   0.0 |       0 |      19 |   0.0 |   362
           D:2 |       0 |      44 |   0.0 |       0 |       5 |   0.0 |   185
               +---------+---------+-------+---------+---------+-------+---------
